 Dungeon Crawl Stone Soup version 0.29.1-2-gbd0b4ee654 (webtiles) character file.

Game seed: 2631507973113668107

23519 llahlahkje the Spear-Bearer (level 12, -5/87 HPs)
             Began as a Demonspawn Fighter on Nov 23, 2022.
             Was the Champion of Qazlal.
             Slain by a troll (8 damage)
             ... on level 2 of the Orcish Mines.
             The game lasted 00:56:41 (11531 turns).

llahlahkje the Spear-Bearer (Demonspawn Fighter)   Turns: 11531, Time: 00:56:41

Health: -5/87      AC: 27    Str: 20    XL:     12   Next: 72%
Magic:  12/12      EV:  6    Int: 11    God:    Qazlal [******]
Gold:   335        SH: 13    Dex: 19    Spells: 9/11 levels left

rFire   . . .      SeeInvis .   n - +11 spear of Yjaela {pain, Contam rElec rC+++ Dex+6}
rCold   + + +      Faith    .   c - +0 buckler
rNeg    . . .      Spirit   .   s - +0 plate armour
rPois   +          Reflect  .   (helmet unavailable)
rElec   +          Harm     .   (cloak unavailable)
rCorr   .          Rampage  .   p - +2 pair of gloves
Will    +....                   (no boots)
Stlth   ..........              (no amulet)
HPRegen 0.24/turn               y - +4 ring of protection
MPRegen 0.13/turn               e - ring of poison resistance

@: protected from physical damage, repel missiles, unable to read, unable to
drink
A: hooves 1, horns 3, demonic guardian 1, demonic magic 1, weakness stinger 3,
iridescent scales 1, strong-willed 1, inability to drink after injury 1,
inability to read after injury 1
a: Renounce Religion, Upheaval, Elemental Force, Disaster Area


You were on level 2 of the Orcish Mines.
You worshipped Qazlal.
Qazlal was exalted by your worship.
You visited 2 branches of the dungeon, and saw 15 of its levels.
You also visited: Ice Cave.

You collected 1038 gold pieces.
You spent 703 gold pieces at shops.

Inventory:

Hand Weapons
 n - the +11 spear of Yjaela (weapon) {pain, Contam rElec rC+++ Dex+6}
   (You found it on level 2 of the Dungeon)

   In the hands of one skilled in necromantic magic, it inflicts extra damage on
   living creatures.
   Dex:       It affects your dexterity (+6).
   rC:        It renders you almost immune to cold.
   rElec:     It insulates you from electricity.
   Contam:    It causes magical contamination when unequipped.
Missiles
 j - 28 poisoned darts (quivered)
Armour
 c - a +0 buckler (worn)
 h - a +0 cloak
 p - a +2 pair of gloves (worn)
 s - a +0 plate armour (worn)
 A - the +5 ring mail "Uruschat" {rN+ Int+3}
   (You found it on level 11 of the Dungeon)

   Int:       It affects your intelligence (+3).
   rN:        It protects you from negative energy.
 C - an orb of wrath
Magical Staves
 g - a staff of earth
Jewellery
 e - a ring of poison resistance (right hand)
 i - a +4 ring of evasion
 k - a ring of wizardry
 v - an amulet of faith
 y - a +4 ring of protection (left hand)
Wands
 a - a wand of flame (16)
 o - a wand of polymorph (9)
 q - a wand of digging (1)
 x - a wand of iceblast (7)
 D - a wand of charming (5)
Scrolls
 f - 4 scrolls of identify
 l - 4 scrolls of teleportation
 m - 2 scrolls of noise
 r - a scroll of silence
 u - a scroll of enchant weapon
Potions
 b - 3 potions of curing
 d - 3 potions of might
 t - 3 potions of heal wounds
 w - a potion of flight
 z - 2 potions of brilliance
Miscellaneous
 B - a piece from Xom's chessboard (15/15)
 F - a phial of floods


   Skills:
 * Level 5.9 Fighting
 - Level 0.1 Short Blades
 - Level 0.1 Long Blades
 - Level 2.6(9.4) Axes
 - Level 13.9(14.0) Polearms
 - Level 0.1 Ranged Weapons
 - Level 11.7 Armour
 - Level 0.3 Stealth
 - Level 3.6 Shields
 - Level 0.1 Conjurations
 - Level 0.2 Hexes
 - Level 0.1 Summonings
 + Level 7.0 Necromancy
 - Level 0.6 Fire Magic
 - Level 0.6 Ice Magic


You had 9 spell levels left.
You knew the following spells:

 Your Spells              Type           Power      Damage    Failure   Level
a - Sublimation of Blood  Necr           15%        N/A       52%         2

Your spell library contained the following spells:

 Spells                   Type           Power      Damage    Failure   Level
 Dispel Undead            Necr           15%        3d10      98%         4
 Wereblood                Tmut           0%         N/A       100%        2
 Corpse Rot               Necr/Pois/Air  5%         N/A       100%        4
 Conjure Ball Lightning   Conj/Air       0%         3x3d6     100%        6
 Death Channel            Necr           7%         N/A       100%        6
 Summon Hydra             Summ           0%         N/A       100%        7
 Discord                  Hex            0%         N/A       100%        8
 Disjunction              Tloc           0%         N/A       100%        8


Dungeon Overview and Level Annotations

Branches:
Dungeon (13/15)            Temple (0/1) D:7            Lair (0/5) D:9
    Orc (2/2) D:10            Elf (0/3) Orc:2         IceCv (visited)
 Vaults: D:13-14

Altars:
Ashenzari
Cheibriados
Dithmenos
Gozag
Hepliaklqana
Kikubaaqudgha
Makhleb
Qazlal
Sif Muna
Vehumet
Yredelemnul

Shops:
D:3 ?!*   D:6 *   Orc:2 :?(?

Annotations:
D:8 3 runed translucent doors, nshep25's ghost, novice DsGl
D:10 2 transporters, exclusion: ice statue, fantasyman's ghost, novice DgFi


Innate Abilities, Weirdness & Mutations

You have large cloven feet.
You have a pair of large horns on your head.
A weak demonic guardian rushes to your aid.
Spells you cast may paralyse adjacent enemies.
You have a sharp stinger which inflicts weakening toxins.
You are partially covered in iridescent scales. (AC +2)
You are strong-willed. (Will+)
You occasionally lose the ability to drink potions when taking damage.
You occasionally lose the ability to read scrolls when taking damage.


Message History

Your quasit bites the orc warrior but does no damage.
Your quasit claws the orc warrior but does no damage.
Your quasit closely misses the orc warrior.
The orc warrior hits your quasit with a +0 glaive!!
Your quasit dies!
Your quasit disappears in a puff of smoke!
You cannot read scrolls in your current state!
You cannot drink potions in your current state!
You cannot read scrolls in your current state!
Your orc warrior hits the orc warrior but does no damage.
You cannot read scrolls in your current state!
Your orc warrior hits the orc warrior from afar with a +0 halberd!!
The orc warrior closely misses your orc warrior.
The orc priest calls down the wrath of Beogh upon you.
Beogh smites you!
* * * LOW HITPOINT WARNING * * *
A demonic guardian appears!
Reach: n) +11 spear of Yjaela {pain, Contam rElec rC+++ Dex+6}
Press: ? - help, Dir - move target, f - you
Okay, then.
Your orc warrior hits the orc warrior from afar with a +0 halberd!
The orc warrior dies!
Qazlal accepts your kill.
The orc priest looks satisfied for a moment.
Your orc warrior dissolves into shadows!
The orc priest miscasts a cantrip.
Your ufetubus hits the orc priest. x2
An orc comes into view. It is wielding a +0 whip.
The orc shouts!
Your ufetubus hits the orc priest. x2; You block the orc priest's attack.
Things that are here:
a +0 glaive; a +0 plate armour You puncture the orc priest!
You kill the orc priest!
Qazlal accepts your kill.
You swap places.
The orc priest calls down the wrath of Beogh upon you.
You easily resist.
The orc hits you but does no damage. You block the troll's attack.
The troll claws you!
You die...

........###.... ..... ...
#......).##... .... ...
#.....#.###..######..# #.#
##..##...##..#∩...#..# #.# .
#..####...#..#....#..#######o###.
##.# ##[[#..#....#......o.o)))o.
### #..(..###†##..###.###..)T.
##.[..))oTooo.# #.# #.o8o.
##.....###@###.# #.# #)....
#......#.°5..#.###.###o###'
##.##..#..§°.#........o# . ##
#..#.....#.###.###o# #..#∩....#.#
#.# #o# #..#######.# #.# #h# #...
.. ... .o. #... ... ... #### ####
####


You could see a troll (ally target), 2 orc priests, 2 orcs and a friendly
ufetubus (summoned).

Vanquished Creatures
  Josephine (Orc:1)
  A hydra (D:13)
  Erica (Orc:1)
  A boulder beetle (D:13)
  2 two-headed ogres (D:9)
  A tengu warrior (D:13)
  5 orc high priests (Orc:2)
  2 bog bodies (IceCv)
  A deep elf pyromancer (D:12)
  An orc sorcerer (D:10)
  An ugly thing (D:6)
  A cyclops (Orc:2)
  A manticore (D:11)
  An ice statue (IceCv)
  An unseen horror (D:11)
  A kobold demonologist (D:11)
  An anaconda simulacrum (IceCv)
  5 trolls
  5 wraiths
  A shadow (D:10)
  A vampire (D:9)
  A wyvern (D:9)
  9 yaks
  A dire elephant simulacrum (IceCv)
  4 wargs (Orc:2)
  A death yak simulacrum (IceCv)
  4 harpy simulacra (IceCv)
  A water moccasin (D:5)
  A hydra simulacrum (IceCv)
  19 orc warriors
  A sky beast (D:8)
  2 black bears
  An ice beast (D:6)
  7 ogres
  A centaur (D:10)
  A kobold brigand (D:11)
  4 bullfrogs
  A gnoll sergeant (D:8)
  A necrophage (D:5)
  4 scorpions
  2 cane toad simulacra (IceCv)
  5 two-headed ogre simulacra (IceCv)
  3 wights (D:10)
  2 elephant simulacra (IceCv)
  3 electric eels (D:10)
  9 howler monkeys
  A crimson imp (D:10)
  3 jellies
  2 gnoll boudas
  4 hounds
  34 orc priests
  6 iguanas
  21 orc wizards
  2 polar bear simulacra (IceCv)
  7 spriggan simulacra
  7 troll simulacra
  2 wolf simulacra (IceCv)
  8 gnolls
  7 adders
  9 naga simulacra
  7 white imps (IceCv)
  3 ufetubi (IceCv)
  A worm (D:3)
  3 dart slugs
  98 orcs
  8 ball pythons
  10 endoplasms
  3 giant cockroaches
  5 goblins
  6 hobgoblins
  9 jackals
  6 quokkas
  7 bats
  A frilled lizard (D:1)
  11 kobolds
  8 rats
422 creatures vanquished.

Vanquished Creatures (collateral kills)
  An orc warrior (Orc:2)
  3 orc priests (Orc:2)
  An orc wizard (Orc:2)
  2 orcs (Orc:2)
7 creatures vanquished.

Vanquished Creatures (others)
  A human (D:7)
  3 plants (D:6)
4 creatures vanquished.

Grand Total: 433 creatures vanquished

Notes
Turn   | Place    | Note
-------+----------+-------------------------------------------
     0 | D:1      | llahlahkje the Demonspawn Fighter began the quest for the
                  | Orb.
     0 | D:1      | Reached XP level 1. HP: 18/18 MP: 1/1
   334 | D:1      | Discovered your monstrous ancestry.
   334 | D:1      | Gained mutation: You have a pair of small horns on your
                  | head. [demonic ancestry]
   334 | D:1      | Reached XP level 2. HP: 15/24 MP: 2/2
   651 | D:1      | Gained mutation: You have a small tail. [demonic ancestry]
   651 | D:1      | Reached XP level 3. HP: 25/29 MP: 3/3
  1003 | D:2      | Identified the +11 spear of Yjaela {pain, Contam rElec
                  | rC+++ Dex+6}
  1025 | D:2      | Found a faded altar of an unknown god.
  1119 | D:2      | Gained mutation: You have a tail ending in a sharp stinger.
                  | [demonic ancestry]
  1119 | D:2      | Reached XP level 4. HP: 32/35 MP: 4/4
  1132 | D:2      | Reached skill level 1 in Polearms
  1393 | D:3      | Found Jas Wosu's Magic Scroll Emporium.
  1593 | D:3      | Found a stormy altar of Qazlal.
  1629 | D:3      | Became a worshipper of Qazlal Stormbringer
  1646 | D:3      | Found an opulent altar of Gozag.
  1769 | D:3      | Gained mutation: You have large cloven feet. [demonic
                  | ancestry]
  1769 | D:3      | Reached XP level 5. HP: 41/41 MP: 5/5
  1947 | D:3      | Reached skill level 2 in Polearms
  2030 | D:3      | Found Hoggoe's General Store.
  2036 | D:3      | Bought a scroll of identify for 22 gold pieces
  2195 | D:3      | Found Faefyrot's Distillery.
  2315 | D:4      | Reached * piety under Qazlal
  2712 | D:4      | Reached skill level 3 in Polearms
  2776 | D:4      | Gained mutation: You have a pair of horns on your head.
                  | [demonic ancestry]
  2776 | D:4      | Reached XP level 6. HP: 45/47 MP: 6/6
  2832 | D:5      | Entered Level 5 of the Dungeon
  2879 | D:5      | Noticed a water moccasin
  2885 | D:5      | Killed a water moccasin
  2886 | D:5      | Reached skill level 4 in Polearms
  2991 | D:5      | Reached XP level 7. HP: 52/52 MP: 7/7
  3133 | D:5      | Reached skill level 5 in Polearms
  3643 | D:5      | Found a broken altar of Ashenzari.
  3643 | D:5      | Found a shadowy altar of Dithmenos.
  3644 | D:5      | Found a shimmering blue altar of Sif Muna.
  3658 | D:5      | Reached skill level 6 in Polearms
  3662 | D:5      | Reached skill level 5 in Armour
  3672 | D:5      | Found a snail-covered altar of Cheibriados.
  3674 | D:5      | Found a basalt altar of Yredelemnul.
  3682 | D:5      | Gained mutation: Spells you cast may paralyse adjacent
                  | enemies. [demonic ancestry]
  3682 | D:5      | Reached XP level 8. HP: 38/58 MP: 8/8
  3850 | D:6      | Reached ** piety under Qazlal
  3851 | D:6      | Found Copn's General Store.
  3933 | D:6      | Reached skill level 7 in Polearms
  3957 | D:6      | Noticed a purple ugly thing
  3966 | D:6      | Killed a purple ugly thing
  4047 | D:6      | Identified the +7 rapier "Lemop" {drain, rElec Str+3
                  | Stlth+}
  4090 | D:6      | Reached skill level 8 in Polearms
  4101 | D:6      | Gained mutation: You have a sharp stinger which inflicts
                  | weakening toxins. [demonic ancestry]
  4101 | D:6      | Reached XP level 9. HP: 60/64 MP: 9/9
  4567 | D:7      | Found a staircase to the Ecumenical Temple.
  4603 | D:7      | Reached skill level 1 in Necromancy
  4707 | D:7      | Gained mutation: You occasionally lose the ability to drink
                  | potions when taking damage. [potion of mutation]
  4707 | D:7      | Gained mutation: You occasionally lose the ability to read
                  | scrolls when taking damage. [potion of mutation]
  4707 | D:7      | Gained mutation: You are partially covered in iridescent
                  | scales. (AC +2) [potion of mutation]
  4707 | D:7      | Gained mutation: You are strong-willed. (Will+) [potion of
                  | mutation]
  5037 | D:7      | Found an ancient bone altar of Kikubaaqudgha.
  5179 | D:8      | Found a runed translucent gate.
  5179 | D:8      | Found a runed translucent gate.
  5185 | D:8      | Found a runed translucent gate.
  5185 | D:8      | Noticed a spectral unseen horror
  5188 | D:8      | Noticed nshep25's ghost (novice DsGl)
  5545 | D:8      | Reached skill level 5 in Necromancy
  5857 | D:9      | Noticed a two-headed ogre
  5867 | D:9      | Killed a two-headed ogre
  5868 | D:9      | Reached skill level 9 in Polearms
  5947 | D:9      | Gained mutation: A weak demonic guardian rushes to your
                  | aid. [demonic ancestry]
  5947 | D:9      | Reached XP level 10. HP: 44/70 MP: 10/10
  6146 | D:9      | Found a staircase to the Lair.
  6158 | D:9      | Noticed a two-headed ogre
  6167 | D:9      | Killed a two-headed ogre
  6416 | D:9      | Reached skill level 10 in Polearms
  6576 | D:9      | Reached *** piety under Qazlal
  6628 | D:10     | Entered Level 10 of the Dungeon
  6663 | D:10     | Found a transporter.
  6665 | D:10     | Noticed an orc knight
  6668 | D:10     | Noticed an orc knight
  6670 | D:10     | Noticed a manticore
  6675 | D:10     | Noticed fantasyman's ghost (novice DgFi)
  6676 | D:10     | Noticed a two-headed ogre
  6686 | D:10     | Noticed an ice statue
  6688 | D:10     | Noticed a two-headed ogre
  6693 | D:10     | Noticed a cyclops
  6697 | D:10     | Found a transporter.
  6833 | D:10     | Reached skill level 11 in Polearms
  6911 | D:10     | Found a hazy altar of Hepliaklqana.
  7279 | D:10     | Found a staircase to the Orcish Mines.
  7418 | D:10     | Found a burning altar of Makhleb.
  7418 | D:10     | Found a radiant altar of Vehumet.
  7562 | D:11     | Gained mutation: You have a pair of large horns on your
                  | head. [demonic ancestry]
  7562 | D:11     | Reached XP level 11. HP: 61/75 MP: 11/11
  7571 | D:11     | Reached **** piety under Qazlal
  7577 | D:11     | Identified the +5 ring mail "Uruschat" {rN+ Int+3}
  7598 | D:11     | Found a frozen archway.
  7598 | D:11     | You fall into a shaft and drop 2 floors!
  7599 | D:13     | Noticed a six-headed hydra
  7617 | D:13     | Killed a six-headed hydra
  7627 | D:13     | Noticed a boulder beetle
  7642 | D:13     | Killed a boulder beetle
  7645 | D:13     | Noticed a tengu warrior
  7653 | D:13     | Killed a tengu warrior
  7654 | D:13     | Reached skill level 12 in Polearms
  7854 | D:12     | Noticed a deep elf pyromancer
  7871 | D:12     | Killed a deep elf pyromancer
  7902 | D:11     | Found a gate leading to a gauntlet.
  8118 | IceCv    | Entered an ice cave
  8643 | IceCv    | Reached ***** piety under Qazlal
  8983 | IceCv    | Noticed a bog body
  8989 | IceCv    | Killed a bog body
  9000 | IceCv    | Noticed a bog body
  9007 | IceCv    | Killed a bog body
  9008 | IceCv    | Reached skill level 10 in Armour
  9135 | D:11     | Reached skill level 13 in Polearms
  9411 | Orc:1    | Entered Level 1 of the Orcish Mines
  9420 | Orc:1    | Noticed an orc sorcerer
  9451 | D:10     | Killed an orc sorcerer
  9675 | Orc:1    | Reached XP level 12. HP: 65/81 MP: 12/12
  9690 | Orc:1    | Noticed Erica
  9702 | Orc:1    | Killed Erica
 10258 | Orc:1    | Noticed Josephine
 10268 | Orc:1    | Killed Josephine
 10400 | Orc:2    | Entered Level 2 of the Orcish Mines
 10756 | Orc:2    | Found Lushaxor's Magic Scroll Emporium.
 10796 | Orc:2    | Found Reawesue's Book Shoppe.
 10801 | Orc:2    | Bought a book of Decay for 510 gold pieces
 10806 | Orc:2    | Learned a level 2 spell: Sublimation of Blood
 10811 | Orc:2    | Found a staircase to the Elven Halls.
 10917 | Orc:2    | Noticed an orc high priest
 10918 | Orc:2    | Noticed an orc high priest
 11163 | Orc:2    | Killed an orc high priest
 11170 | Orc:2    | Killed an orc high priest
 11203 | Orc:2    | Noticed an orc high priest
 11210 | Orc:2    | Killed an orc high priest
 11319 | Orc:2    | Noticed an orc high priest
 11392 | Orc:2    | Killed an orc high priest
 11404 | Orc:2    | Noticed an orc high priest
 11410 | Orc:2    | Killed an orc high priest
 11411 | Orc:2    | Reached skill level 5 in Fighting
 11427 | Orc:2    | Found Qoit's Weapon Emporium.
 11427 | Orc:2    | Found Venotorr's Magic Scroll Boutique.
 11457 | Orc:2    | Bought a scroll of summoning for 171 gold pieces
 11494 | Orc:2    | Reached ****** piety under Qazlal
 11526 | Orc:2    | HP: 2/87 [orc priest/divine providence (10)]
 11531 | Orc:2    | Slain by a troll

Illustrated notes

Levels and vault maps discovered:
D:1:      heliophobic_arrival_enchanted_forest, layout_basic,
          nicolae_kite_square_tiling_tiny, minmay_cut_off
D:2:      layout_loops_ring, basic_ecumenical_altar
D:3:      layout_loops_cross, pdpol_temple_overflow_zin_treasury_gozag_greed,
          grunt_qazlal_clouds, serial_shops, nicolae_shop_behind_doors,
          nicolae_shop_stone, shop_scrolls, minmay_divided_ellipse
D:4:      nicolae_cairo_tiling_large_dashed, layout_basic, minmay_fountain_box,
          solitary_fountain
D:5:      layout_basic, grunt_temple_overflow_open, serial_bayou_pond_e,
          minmay_liquid_box, kennysheep_generic_room_15
D:6:      minmay_opposing_rooms, layout_cave_pools, serial_shops,
          nicolae_shop_statue_plus, serial_bayou_pond_c
D:7:      layout_basic, tgw_kikubaaqudgha, minmay_temple_entry_waves,
          minmay_ruffians
D:8:      cheibrodos_iron_armory, layout_basic, gammafunk_ghost_necromancy
D:9:      layout_gridville, lair_entry_dummy
D:10:     layout_basic, grunt_temple_overflow_lords_of_destruction,
          mainiacjoe_overflow_tiny_flanked, erik_orc_2, nzn_ghost_randoct
D:11:     layout_roguey, portal_ice_cave_entry_ice_simulacra,
          gauntlet_entry_generic, lightli_minifort
D:12:     layout_loops_ring, serial_shops, shop_fountains,
          ebering_ghost_funeral_grove, uniq_rupert, uniq_kirke, uniq_sonja
D:13:     layout_irregular_city
Orc:1:    layout_caves, basic_altar, uniq_josephine, uniq_erica
Orc:2:    st_orc_town, layout_diamond_mine, serial_shops, shop,
          nicolae_shop_advertising_works [nicolae_subvault_shop_adworks], shop

Skill      XL: |  1  2  3  4  5  6  7  8  9 10 11 12 |
---------------+-------------------------------------+-----
Armour         | 3 4 5 6 8 10 11 | 11.7
Axes           | 2 |  2.6
Shields        | 3 |  3.6
Polearms       | 1 3 4 6 8 9 11 13 | 13.9
Necromancy     | 6 7 |  7.0
Fighting       | 5 |  5.9
Short Blades   | |  0.1
Long Blades    | |  0.1
Ranged Weapons | |  0.1
Stealth        | |  0.3
Conjurations   | |  0.1
Hexes          | |  0.2
Summonings     | |  0.1
Fire Magic     | |  0.6
Ice Magic      | |  0.6

Action                   |  1- 3 |  4- 6 |  7- 9 | 10-12 || total
-------------------------+-------+-------+-------+-------++-------
Melee: War axe           |    72 |       |       |       ||    72
       Headbutt          |     9 |    19 |    34 |   126 ||   188
       Spear             |    17 |   109 |   196 |   611 ||   933
       Tailslap          |     1 |    10 |    18 |    74 ||   103
       Kick              |       |    19 |    59 |   194 ||   272
Invok: Disaster Area     |       |       |       |     1 ||     1
Evoke: Wand              |       |       |     1 |    15 ||    16
       Piece from Xom's  |       |       |       |     2 ||     2
  Use: Scroll            |     5 |     5 |     4 |     8 ||    22
       Potion            |       |     4 |     5 |     2 ||    11
 Stab: Distracted        |       |       |       |     1 ||     1
Armor: Scale mail        |    47 |    14 |       |       ||    61
       Plate armour      |       |    31 |    36 |   289 ||   356
Dodge: Dodged            |    59 |    46 |    42 |    88 ||   235
       Repelled          |       |       |       |     1 ||     1
Block: Buckler           |    21 |    38 |    48 |   254 ||   361
